AA
EAGLE RIVER FAT BOYS @ SACRAMENTO AMISH
08/18/2059
 
TOP OF THE 1ST
Eagle River Fat Boys batting - Pitching for Sacramento Amish : RHP Casey Barber
Pitching: RHP Casey Barber
Batting: RHB Cody Cox 0-0: Ball
1-0: Foul Ball, location: 2F
1-1: Ball
2-1: Fly out, F8 (Flyball, 8RM, EV 88.8 MPH)
Batting: RHB Jaden Womack 0-0: Ball
1-0: Fly out, F7 (Flyball, 7LD, EV 95.0 MPH)
Batting: RHB Devon Keen 0-0: Ball
1-0: Ball
2-0: DOUBLE (Line Drive, 9LS, EV 111.2 MPH)
Batting: SHB James Van Doorne 0-0: Ball
1-0: Ball
2-0: Called Strike
2-1: Fly out, F9 (Flyball, 9, EV 91.2 MPH)
Top of the 1st over - 0 runs, 1 hit, 0 errors, 1 left on base; Eagle River 0 - Sacramento 0
BOTTOM OF THE 1ST
Sacramento Amish batting - Pitching for Eagle River Fat Boys : LHP Wes Boyle
Pitching: LHP Wes Boyle
Batting: RHB Dax Andersen 0-0: SINGLE (Line Drive, 56, EV 104.4 MPH)
Batting: RHB Cole Boudreaux 0-0: Ball
1-0: Fly out, F8 (Flyball, 8LD, EV 91.9 MPH)
Batting: RHB Martin Riley 0-0: Ball
1-0: Called Strike
Dax Andersen steals 2nd base
1-1: Foul Ball, location: 2F
1-2: Ball
2-2: Ground out 6-3 (Groundball, P, EV 85.6 MPH)
Dax Andersen to third
Batting: RHB Trinity Gonzalez 0-0: Swinging Strike
0-1: Ball
1-1: Called Strike
1-2: Strikes out looking
Bottom of the 1st over - 0 runs, 1 hit, 0 errors, 1 left on base; Eagle River 0 - Sacramento 0
TOP OF THE 2ND
Eagle River Fat Boys batting - Pitching for Sacramento Amish : RHP Casey Barber
Batting: RHB Paul Finlayson 0-0: Ball
1-0: Foul Ball, location: 2F
1-1: Ball
2-1: SINGLE (Groundball, 6MD, EV 97.5 MPH)
Batting: SHB Stanford Morris 0-0: Ball
1-0: Ball
2-0: Called Strike
2-1: Called Strike
2-2: Strikes out looking
Batting: RHB Melville Axon 0-0: Called Strike
0-1: Ball
1-1: Foul Ball, location: 2F
1-2: Foul Ball, location: 2F
1-2: Fly out, F7 (Flyball, 78M, EV 75.6 MPH)
Batting: RHB Donovan Doyle 0-0: Ball
1-0: Ball
2-0: Ball
3-0: Called Strike
3-1: Base on Balls
Paul Finlayson to second
Batting: RHB Andy Hall 0-0: SINGLE (Groundball, 6MD, EV 103.8 MPH)
Paul Finlayson to third
Donovan Doyle to second
Runner from 3rd tries for Home, SAFE, throw by CF to home
Batting: RHB Cody Cox 0-0: Swinging Strike
0-1: Foul Ball, location: 2F
0-2: Strikes out looking
Top of the 2nd over - 1 run, 2 hits, 0 errors, 2 left on base; Eagle River 1 - Sacramento 0
BOTTOM OF THE 2ND
Sacramento Amish batting - Pitching for Eagle River Fat Boys : LHP Wes Boyle
Batting: SHB Jackie Smitherman 0-0: Foul Ball, location: 2F
0-1: Ball
1-1: Ball
2-1: SINGLE (Groundball, 4MD, EV 99.4 MPH)
Batting: RHB Mason Graham 0-0: Foul Ball, location: 2F
0-1: Called Strike
0-2: Ball
1-2: Ball
2-2: Ball
3-2: Base on Balls
Jackie Smitherman to second
Batting: SHB Max Gilbert 0-0: DOUBLE (Line Drive, 78D, EV 110.0 MPH)
Jackie Smitherman scores
Mason Graham to third
Batting: RHB Steven Bolden 0-0: Ground out U3 (Groundball, 3, EV 79.4 MPH)
Batting: RHB Jameson Yoon 0-0: Foul Ball, location: 2F
0-1: Ball
1-1: Ball
2-1: Foul Ball, location: 2F
2-2: Strikes out swinging
Batting: RHB Dax Andersen 0-0: Ball
1-0: Ball
2-0: Called Strike
2-1: Fly out, F9 (Flyball, 9, EV 89.4 MPH)
Bottom of the 2nd over - 1 run, 2 hits, 0 errors, 2 left on base; Eagle River 1 - Sacramento 1
TOP OF THE 3RD
Eagle River Fat Boys batting - Pitching for Sacramento Amish : RHP Casey Barber
Batting: RHB Jaden Womack 0-0: Ground out 6-3 (Groundball, 56, EV 91.9 MPH)
Batting: RHB Devon Keen 0-0: Ball
1-0: Called Strike
1-1: Swinging Strike
1-2: Ball
2-2: Fly out, F7 (Line Drive, 7S, EV 95.0 MPH)
Batting: SHB James Van Doorne 0-0: Ball
1-0: SINGLE (Flyball, 5D, EV 84.4 MPH)
Batting: RHB Paul Finlayson 0-0: Foul Ball, location: 2F
0-1: Ground out U3 (Groundball, 3, EV 83.8 MPH)
Top of the 3rd over - 0 runs, 1 hit, 0 errors, 1 left on base; Eagle River 1 - Sacramento 1
BOTTOM OF THE 3RD
Sacramento Amish batting - Pitching for Eagle River Fat Boys : LHP Wes Boyle
Batting: RHB Cole Boudreaux 0-0: Called Strike
0-1: Ground out 6-3 (Groundball, 6, EV 91.2 MPH)
Batting: RHB Martin Riley 0-0: Ball
1-0: Ground out 5-3 (Groundball, 5, EV 96.9 MPH)
Batting: RHB Trinity Gonzalez 0-0: Fly out, F7 (Flyball, 7LS, EV 84.4 MPH)
Bottom of the 3rd over - 0 runs, 0 hits, 0 errors, 0 left on base; Eagle River 1 - Sacramento 1
TOP OF THE 4TH
Eagle River Fat Boys batting - Pitching for Sacramento Amish : RHP Casey Barber
Batting: SHB Stanford Morris 0-0: Called Strike
0-1: Called Strike
0-2: Strikes out looking
Batting: RHB Melville Axon 0-0: Ball
1-0: Ball
2-0: Ground out 6-3 (Groundball, 56, EV 83.1 MPH)
Batting: RHB Donovan Doyle 0-0: Swinging Strike
0-1: Foul Ball, location: 2F
0-2: Fly out, F8 (Flyball, 8RD, EV 91.2 MPH)
Top of the 4th over - 0 runs, 0 hits, 0 errors, 0 left on base; Eagle River 1 - Sacramento 1
BOTTOM OF THE 4TH
Sacramento Amish batting - Pitching for Eagle River Fat Boys : LHP Wes Boyle
Batting: SHB Jackie Smitherman 0-0: Called Strike
0-1: Foul Ball, location: 2F
0-2: Ball
1-2: Ball
2-2: Strikes out looking
Batting: RHB Mason Graham 0-0: Ground out U3 (Groundball, 34, EV 87.5 MPH)
Batting: SHB Max Gilbert 0-0: Ground out 5-3 (Groundball, 56, EV 109.4 MPH)
Bottom of the 4th over - 0 runs, 0 hits, 0 errors, 0 left on base; Eagle River 1 - Sacramento 1
TOP OF THE 5TH
Eagle River Fat Boys batting - Pitching for Sacramento Amish : RHP Casey Barber
Batting: RHB Andy Hall 0-0: Called Strike
0-1: Ball
1-1: Ball
2-1: Ball
3-1: Fly out, F8 (Line Drive, 8RM, EV 94.4 MPH)
Batting: RHB Cody Cox 0-0: Ball
1-0: Swinging Strike
1-1: Swinging Strike
1-2: Foul Ball, location: 2F
1-2: Strikes out looking
Batting: RHB Jaden Womack 0-0: Ball
1-0: SINGLE (Groundball, 6MD, EV 96.2 MPH)
Batting: RHB Devon Keen 0-0: Called Strike
0-1: Ball
1-1: Foul Ball, location: 2F
1-2: Ball
2-2: Ball
Jaden Womack is caught stealing 2nd base 2-4
Top of the 5th over - 0 runs, 1 hit, 0 errors, 0 left on base; Eagle River 1 - Sacramento 1
BOTTOM OF THE 5TH
Sacramento Amish batting - Pitching for Eagle River Fat Boys : LHP Wes Boyle
Batting: RHB Steven Bolden 0-0: Ball
1-0: Foul Ball, location: 2F
1-1: Ball
2-1: Swinging Strike
2-2: Ball
3-2: Strikes out swinging
Batting: RHB Jameson Yoon 0-0: Called Strike
0-1: Foul Ball, location: 2F
0-2: Foul Ball, location: 2F
0-2: Ball
1-2: Ball
2-2: Foul Ball, location: 2F
2-2: Strikes out looking
Batting: RHB Dax Andersen 0-0: Ball
1-0: SINGLE (Groundball, 34D, EV 108.1 MPH)
Batting: RHB Cole Boudreaux 0-0: Ball
1-0: Called Strike
Dax Andersen steals 2nd base
1-1: Ground out 5-3 (Groundball, 56S, EV 74.4 MPH)
Bottom of the 5th over - 0 runs, 1 hit, 0 errors, 1 left on base; Eagle River 1 - Sacramento 1
TOP OF THE 6TH
Eagle River Fat Boys batting - Pitching for Sacramento Amish : RHP Casey Barber
Batting: RHB Devon Keen 0-0: Ball
1-0: Ball
2-0: Called Strike
2-1: Ball
3-1: Foul Ball, location: 2F
3-2: Foul Ball, location: 2F
3-2: Strikes out swinging
Batting: SHB James Van Doorne 0-0: Ball
1-0: Foul Ball, location: 2F
1-1: Swinging Strike
1-2: SOLO HOME RUN (Flyball, 9D, EV 95.6 MPH), Distance : 367 ft
Batting: RHB Paul Finlayson 0-0: Foul Ball, location: 2F
0-1: Ground out 3-1 (Groundball, 34, EV 98.8 MPH)
Batting: SHB Stanford Morris 0-0: Ball
1-0: Ball
2-0: Foul Ball, location: 2F
2-1: Foul Ball, location: 2F
2-2: Strikes out swinging
Top of the 6th over - 1 run, 1 hit, 0 errors, 0 left on base; Eagle River 2 - Sacramento 1
BOTTOM OF THE 6TH
Sacramento Amish batting - Pitching for Eagle River Fat Boys : LHP Wes Boyle
Batting: RHB Martin Riley 0-0: Ball
1-0: Ball
2-0: Ball
3-0: Base on Balls
Batting: RHB Trinity Gonzalez 0-0: Called Strike
0-1: Grounds into double play, 1-4-3 (Groundball, 25, EV 65.0 MPH)
Batting: SHB Jackie Smitherman 0-0: Foul Ball, location: 2F
0-1: Ball
1-1: Ball
2-1: Foul Ball, location: 2F
2-2: Ball
3-2: Base on Balls
Batting: RHB Mason Graham 0-0: Called Strike
0-1: Called Strike
0-2: Ball
1-2: SINGLE (Groundball, 6MD, EV 110.0 MPH)
Jackie Smitherman to second
Runner from 2nd tries for 3rd, SAFE, throw by CF made to third
Batting: SHB Max Gilbert 0-0: Called Strike
0-1: Ball
1-1: Ball
2-1: Swinging Strike
2-2: Foul Ball, location: 2F
2-2: Fly out, F7 (Flyball, 7, EV 78.1 MPH)
Bottom of the 6th over - 0 runs, 1 hit, 0 errors, 2 left on base; Eagle River 2 - Sacramento 1
TOP OF THE 7TH
Eagle River Fat Boys batting - Pitching for Sacramento Amish : RHP Casey Barber
Batting: RHB Melville Axon 0-0: Swinging Strike
0-1: Ball
1-1: Foul Ball, location: 2F
1-2: Strikes out swinging
Batting: RHB Donovan Doyle 0-0: Ground out 5-3 (Groundball, 56, EV 100.0 MPH)
Batting: RHB Andy Hall 0-0: Ball
1-0: Foul Ball, location: 2F
1-1: Ball
2-1: Ball
3-1: Base on Balls
Pitching: RHP Gavin Armstrong
Batting: RHB Cody Cox 0-0: Called Strike
0-1: Fielders Choice at 2nd, 6-4 (Groundball, 6, EV 101.9 MPH)
Top of the 7th over - 0 runs, 0 hits, 0 errors, 1 left on base; Eagle River 2 - Sacramento 1
BOTTOM OF THE 7TH
Sacramento Amish batting - Pitching for Eagle River Fat Boys : LHP Wes Boyle
Pitching: RHP Micah Kanda
Batting: RHB Steven Bolden 0-0: Ball
1-0: Fly out, F7 (Flyball, 7LM, EV 84.4 MPH)
Batting: RHB Jameson Yoon 0-0: Foul Ball, location: 2F
0-1: Ball
1-1: Foul Ball, location: 2F
1-2: Strikes out swinging
Batting: RHB Dax Andersen 0-0: Ball
1-0: SINGLE (Groundball, 6S, EV 72.5 MPH) (infield hit)
Batting: RHB Cole Boudreaux 0-0: Called Strike
Dax Andersen steals 2nd base
0-1: Ball
1-1: Foul Ball, location: 2F
1-2: Strikes out swinging
Bottom of the 7th over - 0 runs, 1 hit, 0 errors, 1 left on base; Eagle River 2 - Sacramento 1
TOP OF THE 8TH
Eagle River Fat Boys batting - Pitching for Sacramento Amish : RHP Gavin Armstrong
Batting: RHB Jaden Womack 0-0: Ball
1-0: Foul Ball, location: 2F
1-1: Swinging Strike
1-2: Fly out, F9 (Flyball, 89S, EV 86.2 MPH)
Batting: RHB Devon Keen 0-0: Foul Ball, location: 2F
0-1: Called Strike
0-2: Ball
1-2: Fly out, F4 (Line Drive, 4M, EV 71.2 MPH)
Batting: SHB James Van Doorne 0-0: Ground out 4-3 (Groundball, 4D, EV 101.9 MPH)
Top of the 8th over - 0 runs, 0 hits, 0 errors, 0 left on base; Eagle River 2 - Sacramento 1
BOTTOM OF THE 8TH
Sacramento Amish batting - Pitching for Eagle River Fat Boys : RHP Micah Kanda
Batting: RHB Martin Riley 0-0: Swinging Strike
0-1: Ball
1-1: Ball
2-1: Ball
3-1: Base on Balls
Batting: RHB Trinity Gonzalez 0-0: Foul Ball, location: 2F
0-1: Foul Ball, location: 2F
0-2: Ball
1-2: Fly out, F8 (Flyball, 8RXD, EV 96.2 MPH)
Batting: SHB Jackie Smitherman 0-0: Called Strike
0-1: Ball
1-1: Ball
2-1: Called Strike
2-2: Ball
3-2: SINGLE (Line Drive, 78D, EV 96.9 MPH)
Martin Riley to second
Batting: RHB Mason Graham 0-0: Ball
1-0: Ball
2-0: Called Strike
2-1: Foul Ball, location: 2F
2-2: Strikes out swinging
Pitching: RHP Cole Hoke
Batting: SHB Max Gilbert 0-0: Ball
1-0: Ground out 4-3 (Groundball, 4, EV 97.5 MPH)
Bottom of the 8th over - 0 runs, 1 hit, 0 errors, 2 left on base; Eagle River 2 - Sacramento 1
TOP OF THE 9TH
Eagle River Fat Boys batting - Pitching for Sacramento Amish : RHP Gavin Armstrong
Batting: RHB Paul Finlayson 0-0: Called Strike
0-1: Ball
1-1: Foul Ball, location: 2F
1-2: Ball
2-2: Ball
3-2: Foul Ball, location: 2F
3-2: Ground out 1-3 (Groundball, 34S, EV 74.4 MPH)
Batting: SHB Stanford Morris 0-0: Swinging Strike
0-1: Ball
1-1: Called Strike
1-2: Strikes out swinging
Batting: RHB Melville Axon 0-0: Ball
1-0: Ball
2-0: Ball
3-0: Called Strike
3-1: Called Strike
3-2: Foul Ball, location: 2F
3-2: Fly out, F7 (Flyball, 7, EV 93.8 MPH)
Top of the 9th over - 0 runs, 0 hits, 0 errors, 0 left on base; Eagle River 2 - Sacramento 1
BOTTOM OF THE 9TH
Sacramento Amish batting - Pitching for Eagle River Fat Boys : RHP Cole Hoke
Batting: RHB Steven Bolden 0-0: Ball
1-0: SINGLE (Groundball, 6D, EV 96.2 MPH)
Batting: RHB Jameson Yoon 0-0: Sac Bunt to 25 - play at first, batter OUT! 5-3
Steven Bolden to second
Pinch Hitting: LHB Joey Manning 0-0: SINGLE (Groundball, 34D, EV 98.1 MPH)
Steven Bolden to third
Batting: RHB Cole Boudreaux 0-0: Ball
1-0: Called Strike
1-1: Fly out, F8 (Line Drive, 8RM, EV 93.1 MPH)
Runner from 3rd tags up, SCORES, throw by CF
Batting: RHB Martin Riley 0-0: Ball
1-0: Ball
2-0: Called Strike
2-1: Fly out, F8 (Flyball, 8RS, EV 75.6 MPH)
Bottom of the 9th over - 1 run, 2 hits, 0 errors, 1 left on base; Eagle River 2 - Sacramento 2
TOP OF THE 10TH
Eagle River Fat Boys batting - Pitching for Sacramento Amish : RHP Gavin Armstrong
Pitching: LHP Davey Ward
Now at 1B: Joey Manning
Now at 3B: Max Gilbert
Batting: RHB Donovan Doyle 0-0: Called Strike
0-1: Ground out 1-3 (Groundball, 13, EV 68.8 MPH)
Batting: RHB Andy Hall 0-0: Called Strike
0-1: Ground out 6-3 (Groundball, 6, EV 88.1 MPH)
Batting: RHB Cody Cox 0-0: Called Strike
0-1: Ball
1-1: Ball
2-1: Fly out, F8 (Flyball, 8LD, EV 105.0 MPH)
Top of the 10th over - 0 runs, 0 hits, 0 errors, 0 left on base; Eagle River 2 - Sacramento 2
BOTTOM OF THE 10TH
Sacramento Amish batting - Pitching for Eagle River Fat Boys : RHP Cole Hoke
Batting: RHB Trinity Gonzalez 0-0: Ball
1-0: Foul Ball, location: 2F
1-1: Swinging Strike
1-2: Strikes out looking
Batting: SHB Jackie Smitherman 0-0: Called Strike
0-1: Ball
1-1: Swinging Strike
1-2: Hit by Pitch
Batting: RHB Mason Graham 0-0: Ball
Wild Pitch!
Jackie Smitherman to second
1-0: Foul Ball, location: 2F
1-1: Swinging Strike
1-2: Ball
2-2: Ball
3-2: Base on Balls
Batting: SHB Max Gilbert 0-0: Called Strike
0-1: Swinging Strike
0-2: Ball
1-2: Strikes out swinging
Pitching: LHP Seth Wendel
Batting: RHB Steven Bolden 0-0: Ball
1-0: Foul Ball, location: 2F
1-1: Ball
2-1: Foul Ball, location: 2F
2-2: Strikes out looking
Bottom of the 10th over - 0 runs, 0 hits, 0 errors, 2 left on base; Eagle River 2 - Sacramento 2
TOP OF THE 11TH
Eagle River Fat Boys batting - Pitching for Sacramento Amish : LHP Davey Ward
Batting: RHB Jaden Womack 0-0: DOUBLE (Line Drive, 89D, EV 103.1 MPH)
Batting: RHB Devon Keen 0-0: Intentional Walk
Batting: SHB James Van Doorne 0-0: Ball
1-0: Swinging Strike
1-1: Foul Ball, location: 2F
1-2: Foul Ball, location: 2F
1-2: Fly out, F9 (Flyball, 9LMF, EV 82.5 MPH)
Batting: RHB Paul Finlayson 0-0: Called Strike
0-1: Swinging Strike
0-2: 3-RUN HOME RUN (Flyball, 89XD, EV 103.8 MPH), Distance : 409 ft
Batting: SHB Stanford Morris 0-0: Ball
1-0: Called Strike
1-1: Swinging Strike
1-2: Foul Ball, location: 2F
1-2: Ball
2-2: Strikes out swinging
Batting: RHB Melville Axon 0-0: Ball
1-0: Fly out, F7 (Flyball, 78M, EV 71.2 MPH)
Top of the 11th over - 3 runs, 2 hits, 0 errors, 0 left on base; Eagle River 5 - Sacramento 2
BOTTOM OF THE 11TH
Sacramento Amish batting - Pitching for Eagle River Fat Boys : LHP Seth Wendel
Pitching: RHP Hakim Andrus
Batting: RHB Jameson Yoon 0-0: Called Strike
0-1: SINGLE (Groundball, 34D, EV 101.2 MPH)
Batting: LHB Joey Manning 0-0: Ball
1-0: Called Strike
1-1: Called Strike
1-2: Ball
2-2: Foul Ball, location: 2F
2-2: Ball
Pickoff Throw to First - Out! 1-3 CS
3-2: Base on Balls
Batting: RHB Cole Boudreaux 0-0: Called Strike
0-1: Ball
1-1: Foul Ball, location: 2F
1-2: Strikes out swinging
Batting: RHB Martin Riley 0-0: Ball
1-0: Ball
2-0: Ball
3-0: Fielders Choice at 2nd, 6-4 (Groundball, 6MD, EV 98.8 MPH)
Bottom of the 11th over - 0 runs, 1 hit, 0 errors, 1 left on base; Eagle River 5 - Sacramento 2
Monday, March 25th , 2024 - OOTP Baseball 23.10 Build 110